 Dungeon Crawl Stone Soup version 0.20-a0-256-gabb291d (webtiles) character file.

15390 zorc the Cleaver (level 12, -1/108 HPs)
             Began as a Hill Orc Fire Elementalist on Dec 1, 2016.
             Was a High Priest of Okawaru.
             Killed from afar by a lindwurm (24 damage)
             ... with a blast of flame
             ... on level 1 of the Lair of Beasts.
             The game lasted 00:43:18 (16339 turns).

zorc the Cleaver (Hill Orc Fire Elementalist)      Turns: 16339, Time: 00:43:18

Health: -1/108     AC: 25    Str: 18    XL:     12   Next: 26%
Magic:  17/17      EV:  9    Int: 15    God:    Okawaru [*****.]
Gold:   665        SH:  0    Dex: 13    Spells: 13/14 levels left

rFire  . . .     SeeInvis +     J - +7 quarterstaff of the Spinneret {crush, Str+3 Stlth-}
rCold  + . .     Gourm    .     S - +0 plate armour
rNeg   . . .     Faith    .     (shield currently unavailable)
rPois  +         Spirit   .     k - +0 helmet
rElec  .         Reflect  .     T - +1 cloak
rCorr  .         Harm     .     r - +0 pair of gloves
MR     .....                    E - +0 pair of boots
Stlth  ..........               (no amulet)
                                I - ring of Taujapri {rPois rC+ Dex-2 SInv Stlth+}
                                L - +3 ring of strength

@: heroism
A: no striking features
a: Heroism, Finesse, Renounce Religion


You were on level 1 of the Lair of Beasts.
You worshipped Okawaru.
Okawaru was extremely pleased with you.
You were near starving.

You visited 3 branches of the dungeon, and saw 14 of its levels.

You collected 665 gold pieces.

Inventory:

Hand Weapons
 a - a +2 short sword of electrocution
 b - a +0 whip of venom
 j - a +0 hand axe
 B - a +1 flail of holy wrath
 J - the +7 quarterstaff of the Spinneret (weapon) {crush, Str+3 Stlth-}
   (You found it on level 5 of the Dungeon)

   It inflicts extra damage upon your enemies.
   It affects your strength (+3).
   It makes you less stealthy.
 R - a +2 scimitar of flaming
Missiles
 X - 7 poisoned tomahawks (quivered)
Armour
 k - a +0 helmet (worn)
 r - a +0 pair of gloves (worn)
 E - a +0 pair of boots (worn)
 F - a +0 buckler
 S - a +0 plate armour (worn)
 T - a +1 cloak (worn)
Jewellery
 o - an uncursed ring of protection from magic
 p - an uncursed ring of wizardry
 I - the ring of Taujapri (right hand) {rPois rC+ Dex-2 SInv Stlth+}
   (You found it on level 5 of the Dungeon)

   [ring of stealth]

   It affects your dexterity (-2).
   It protects you from cold.
   It protects you from poison.
   It lets you see invisible.
   It makes you more stealthy.
 L - a +3 ring of strength (left hand)
 M - an uncursed ring of protection from cold
 W - an uncursed ring of protection from fire
Wands
 i - a wand of slowing (24/48)
 w - a wand of confusion (25/48)
 C - a wand of flame (14/48)
 K - a wand of slowing (34/48)
 O - a wand of paralysis (22/24)
Scrolls
 d - a scroll of fog
 e - 3 scrolls of recharging
 g - a scroll of amnesia {unknown}
 l - 4 scrolls of noise {unknown}
 m - 3 scrolls of teleportation
 q - a scroll of fear {unknown}
 t - a scroll of immolation {unknown}
 z - 2 scrolls of remove curse
 G - a scroll of enchant armour {unknown}
 H - a scroll of identify
 Y - a scroll of random uselessness {unknown}
 Z - 4 scrolls of magic mapping {unknown}
Potions
 f - 2 potions of flight
 h - a potion of agility
 s - 3 potions of curing
 v - 2 potions of cure mutation
 x - a potion of heal wounds
 A - a potion of cancellation
 D - a potion of lignification
 P - a potion of brilliance
 Q - a potion of resistance
 V - a potion of magic
Miscellaneous
 y - a phial of floods
Comestibles
 c - 14 bread rations
 n - a beef jerky
 u - 11 royal jellies
 N - 9 fruits
 U - 6 meat rations


   Skills:
 + Level 10.7(15.7) Fighting
 + Level 11.5(16.5) Axes
 * Level 10.8(15.8) Armour
 - Level 1.5(6.5) Dodging
 - Level 1.5(6.5) Stealth
 * Level 10.6(15.6) Shields
 - Level 1.5 Spellcasting
 - Level 1.0 Conjurations
 - Level 3.2 Fire Magic
 + Level 7.0 Invocations


You had 13 spell levels left.
You knew the following spells:

 Your Spells              Type           Power        Failure   Level  Hunger
a - Flame Tongue          Conj/Fire      #....        95%         1    ##.....


Dungeon Overview and Level Annotations

Branches:
Dungeon (12/15)            Temple (1/1) D:6            Lair (1/6) D:8
    Orc (0/2) D:10

Altars:
Ashenzari
Cheibriados
Dithmenos
Elyvilon
Fedhas
Gozag
Hepliaklqana
Kikubaaqudgha
Makhleb
Nemelex Xobeh
Okawaru
Qazlal
Ru
Sif Muna
Trog
Uskayaw
Vehumet
Xom
Yredelemnul
Zin
The Shining One

Shops:
D:4 *

Annotations:
D:9 exclusion: downstairs


Message History

The lindwurm is severely wounded.
The lindwurm breathes flames at you. The blast of flame misses you.
You hit the lindwurm.
The lindwurm is almost dead.
The lindwurm bites you but does no damage.
The lindwurm claws you but does no damage. x2
The lindwurm bites you but does no damage.
The lindwurm closely misses you.
The lindwurm claws you but does no damage.
You barely miss the lindwurm.
The lindwurm is almost dead.
The lindwurm bites you but does no damage.
The lindwurm claws you but does no damage. x2
Unknown command.
You hit the lindwurm but do no damage.
The lindwurm is almost dead.
The lindwurm breathes flames at you. The blast of flame hits you!
You die...

P......# #......# #......#
#......# #......# #......#
##......############# ########
................#...######.#.....
................@k#§§§k......≈≈≈.
..................#§§≈≈..≈≈≈≈≈.≈≈
.................)#.§§≈§≈≈.......
................#...#.......#.###
................###############
...#######..##P.# ...## ########
....# ...##


You could see a lindwurm.

Vanquished Creatures
  Harold (D:10)
  Erica (D:11)
  A skeletal warrior (D:11)
  2 unseen horrors
  3 hill giants
  A manticore (D:11)
  Maurice (D:8)
  2 spiny frogs
  4 komodo dragons (Lair:1)
  2 trolls
  2 hornets (D:11)
  Prince Ribbit (D:7)
  A hippogriff (D:5)
  6 yaks
  A wraith (D:10)
  A basilisk (Lair:1)
  A soldier ant (D:11)
  A warg (D:10)
  2 water moccasins
  4 porcupines
  4 ice beasts
  8 orc warriors
  2 sky beasts
  A black bear (D:5)
  2 ogres
  The ghost of serber55 the Twirler, an amateur DsGl (D:3)
  3 centaurs
  4 crocodiles
  2 big kobolds
  Blork the orc (D:4)
  11 bullfrogs
  9 scorpions
  10 killer bees
  3 wights (D:6)
  A howler monkey (D:5)
  A crimson imp (D:4)
  A bullfrog zombie (D:10)
  2 hounds
  2 jellies
  10 orc wizards
  9 orc priests
  2 centaur skeletons
  3 bullfrog skeletons
  Ijyb (D:3)
  5 iguanas
  8 worker ants
  A killer bee zombie (D:7)
  A hound skeleton (D:10)
  Robin (D:4)
  10 adders
  2 adder skeletons
  An adder zombie (D:5)
  4 worms
  A dart slug (D:3)
  10 leopard geckos
  44 orcs
  A ball python (D:3)
  4 giant cockroaches
  25 goblins
  18 hobgoblins
  17 jackals
  13 kobolds
  3 quokkas
  10 bats
  6 frilled lizards
  A leopard gecko zombie (D:7)
  10 rats
  A butterfly (D:3)
328 creatures vanquished.

Vanquished Creatures (others)
  A quokka (D:11)
  4 fungi (D:7)
5 creatures vanquished.

Grand Total: 333 creatures vanquished

Notes
Turn   | Place    | Note
-------+----------+-------------------------------------------
     0 | D:1      | zorc the Hill Orc Fire Elementalist began the quest for the Orb.
     0 | D:1      | Reached XP level 1. HP: 14/14 MP: 3/3
   242 | D:1      | Reached skill level 1 in Fighting
   285 | D:1      | Reached XP level 2. HP: 24/24 MP: 0/4
  1043 | D:1      | Reached XP level 3. HP: 29/31 MP: 5/5
  1571 | D:2      | Reached skill level 1 in Axes
  2386 | D:3      | Reached skill level 2 in Axes
  2386 | D:3      | Reached XP level 4. HP: 33/39 MP: 6/6
  2433 | D:3      | Noticed Ijyb
  2448 | D:3      | Killed Ijyb
  3267 | D:3      | Noticed serber55's ghost (amateur DsGl)
  3278 | D:3      | Killed serber55's ghost
  3278 | D:3      | Reached skill level 3 in Axes
  3278 | D:3      | Reached XP level 5. HP: 33/47 MP: 7/7
  3378 | D:4      | Reached skill level 4 in Axes
  3399 | D:4      | Reached skill level 5 in Fighting
  3737 | D:4      | Reached XP level 6. HP: 56/56 MP: 8/8
  3833 | D:4      | Noticed Robin
  3835 | D:4      | Killed Robin
  3898 | D:4      | Reached skill level 5 in Axes
  4473 | D:4      | Noticed Blork the orc
  4484 | D:4      | Killed Blork the orc
  4484 | D:4      | Reached skill level 6 in Axes
  4484 | D:4      | Reached XP level 7. HP: 45/64 MP: 9/9
  4730 | D:4      | Found Citos's Elemental Accessories.
  4831 | D:5      | Entered Level 5 of the Dungeon
  5176 | D:5      | Reached skill level 7 in Axes
  5263 | D:5      | Got a coiled bone ring
  5294 | D:5      | Reached skill level 1 in Armour
  5294 | D:5      | Reached skill level 1 in Shields
  5294 | D:5      | Reached XP level 8. HP: 34/73 MP: 10/10
  5297 | D:5      | Got a twisted quarterstaff
  5514 | D:5      | Identified the +7 quarterstaff of the Spinneret {crush, Str+3 Stlth-} (You found it on level 5 of the Dungeon)
  5571 | D:5      | Identified the ring of Taujapri {rPois rC+ Dex-2 SInv Stlth+} (You found it on level 5 of the Dungeon)
  5849 | D:6      | You fall through a shaft for 2 floors!
  5987 | D:8      | Noticed Maurice
  6042 | D:8      | Killed Maurice
  6042 | D:8      | Reached skill level 8 in Axes
  6301 | D:8      | Found a staircase to the Lair.
  6886 | D:8      | Reached XP level 9. HP: 69/81 MP: 11/11
  7352 | D:8      | Reached skill level 5 in Armour
  7396 | D:7      | Noticed Prince Ribbit
  7547 | D:5      | Reached skill level 5 in Shields
  8445 | D:6      | Found a staircase to the Ecumenical Temple.
  8476 | Temple   | Entered the Ecumenical Temple
  8712 | Temple   | Became a worshipper of Warmaster Okawaru
  9164 | D:7      | Reached skill level 9 in Axes
  9164 | D:7      | Reached skill level 1 in Invocations
  9266 | D:7      | Killed Prince Ribbit
  9694 | D:7      | Reached * piety under Okawaru
  9727 | D:7      | Reached XP level 10. HP: 85/90 MP: 12/12
 10024 | D:9      | Found a shadowy altar of Dithmenos.
 11398 | D:10     | Entered Level 10 of the Dungeon
 11524 | D:10     | Found a staircase to the Orcish Mines.
 11526 | D:10     | Reached ** piety under Okawaru
 11526 | D:10     | Reached skill level 10 in Axes
 11858 | D:10     | Noticed Harold
 11869 | D:10     | Killed Harold
 11907 | D:10     | Reached *** piety under Okawaru
 12164 | D:10     | Noticed an unseen horror
 12173 | D:10     | Killed an unseen horror
 12173 | D:10     | Reached XP level 11. HP: 65/97 MP: 14/14
 12464 | D:10     | Noticed a hill giant
 12472 | D:10     | Killed a hill giant
 12476 | D:10     | Reached skill level 5 in Invocations
 12680 | D:10     | Reached **** piety under Okawaru
 13275 | D:11     | Noticed a manticore
 13283 | D:11     | Killed a manticore
 13499 | D:11     | Noticed Erica
 13514 | D:11     | Killed Erica
 13514 | D:11     | Reached skill level 10 in Fighting
 13899 | D:11     | Found an iron altar of Okawaru.
 14033 | D:11     | Noticed a hill giant
 14042 | D:11     | Killed a hill giant
 14082 | D:11     | Noticed an unseen horror
 14103 | D:11     | Killed an unseen horror
 14103 | D:11     | Reached ***** piety under Okawaru
 14103 | D:11     | Reached skill level 11 in Axes
 14103 | D:11     | Reached skill level 10 in Armour
 14516 | D:11     | Noticed a hill giant
 14527 | D:11     | Killed a hill giant
 14605 | D:11     | Reached skill level 10 in Shields
 14685 | D:12     | Noticed a skeletal warrior
 14685 | D:12     | Noticed a skeletal warrior
 14685 | D:12     | Noticed a skeletal warrior
 14685 | D:12     | Noticed a skeletal warrior
 14685 | D:12     | Noticed a skeletal warrior
 14702 | D:11     | Killed a skeletal warrior
 14905 | Lair:1   | Entered Level 1 of the Lair of Beasts
 14917 | D:8      | Reached XP level 12. HP: 103/107 MP: 14/16
 16062 | Lair:1   | Received a gift from Okawaru
 16339 | Lair:1   | Killed from afar by a lindwurm

Vault maps used:
D:1:      ncdulo_lavacross, kennysheep_small_spiral
D:3:      hangedman_glass_garden, uniq_iyjb
D:4:      kennysheep_goblin_castle, first_bread, nicolae_elemental_shop,
          uniq_robin, uniq_blork_the_orc
D:7:      old_forge, uniq_prince_ribbit1
D:8:      lair_entry_dummy, uniq_maurice
D:9:      nicolae_dithmenos_the_darkroom
D:10:     erik_orc_3, uniq_harold
D:11:     hangedman_pestilent_swarm, okawaru_ov_weapons_minmay, uniq_erica
D:12:     enter_bailey_2
Temple:   nicolae_temple_the_god_donut
Lair:1:   nicolae_volcano_entry_vermiform, infiniplex_staircase_pool,
          grunt_megastairs_1

Skill      XL: |  1  2  3  4  5  6  7  8  9 10 11 12 |
---------------+-------------------------------------+-----
Fighting       | 1 3 4 5 6 7 8 9 10 | 10.7
Axes           | 2 3 4 6 7 8 9 10 11 | 11.5
Armour         | 1 4 6 8 10 | 10.8
Shields        | 1 4 6 8 10 | 10.6
Invocations    | 2 4 6 7 |  7.0
Dodging        | |  1.5
Stealth        | |  1.5
Spellcasting   | |  1.5
Conjurations   | |  1.0
Fire Magic     | |  3.2

Action                   |  1- 3 |  4- 6 |  7- 9 | 10-12 || total
-------------------------+-------+-------+-------+-------++-------
Melee: Unarmed           |    18 |       |       |       ||    18
       Short sword       |    98 |   191 |   102 |       ||   391
       Quarterstaff      |       |       |   228 |   569 ||   797
 Cast: Flame Tongue      |    24 |       |       |       ||    24
Invok: Heroism           |       |       |       |    16 ||    16
Evoke: Wand              |       |       |     4 |       ||     4
  Use: Scroll            |       |       |     9 |     8 ||    17
       Potion            |       |       |     6 |     5 ||    11
 Stab: Sleeping          |     4 |       |       |       ||     4
       Paralysed         |       |       |     5 |       ||     5
  Eat: Chunk             |     4 |     7 |    14 |    21 ||    46
       Royal jelly       |       |       |     1 |       ||     1
       Pizza             |       |       |     1 |       ||     1
Armor: Robe              |    20 |     2 |       |       ||    22
       Scale mail        |       |    66 |    74 |       ||   140
       Chain mail        |       |       |    97 |       ||    97
       Plate armour      |       |       |   156 |   502 ||   658
       Skin              |       |       |    36 |       ||    36
Dodge: Dodged            |    77 |    92 |   164 |   268 ||   601
Block: Buckler           |       |       |     7 |       ||     7
